Map: Acid Plant LE

Players

SpaceCadet - Winner!

  • Race: Protoss Protoss
  • League: Silver
  • Spawn Location: 5:00

Andru

  • Race: Zerg Zerg
  • League: Gold
  • Spawn Location: 11:00

VOD

Have the link to the VOD?

Description

Time

  • Played on: March 11, 2018, 3:06 a.m.
  • Length: 5:51
Show
View Real Time Build Order
Export as new Build Order

SpaceCadet Protoss - Winner!

Build Orders:  

Get SALT Encoding   

  12  0:01  Probe (Chrono Boost)  
  13  0:13  Probe (Chrono Boost)  
  14  0:19  Pylon  
  14  0:23  Probe (Chrono Boost)  
  15  0:37  Probe  
  15  0:39  Gateway  
  17  0:50  Probe  
  17  1:00  Assimilator  
  17  1:02  Probe  
  18  1:14  Probe  
  19  1:20  Assimilator  
  19  1:28  Cybernetics Core  
  19  1:30  Probe  
  20  1:42  Probe  
  21  1:48  Pylon  
  21  2:00  Probe  
  22  2:03  Warp Gate (Chrono Boost)  
  22  2:09  Robotics Facility  
  22  2:12  Probe  
  23  2:18  Adept  
  25  2:32  Gateway  
  25  2:34  Gateway  
  25  2:39  Probe  
  26  2:55  Warp Prism (Chrono Boost)  
  26  2:57  Gateway  
  28  3:09  Stalker  
  29  3:20  Pylon  
  29  3:28  Twilight Council  
  29  3:41  Gateway  
  29  3:59  Charge (Chrono Boost)  
  29  4:03  Pylon  
  29  4:12  Zealot  
  29  4:13  Zealot x3  
  37  4:32  Pylon  
  37  4:37  Zealot x4  
  45  4:50  Stalker  
  47  4:58  Zealot x2  
  49  5:05  Zealot  
  47  5:14  Stalker  
  45  5:23  Pylon  
  43  5:29  Zealot  
  43  5:30  Zealot  
Show
View Real Time Build Order
Export as new Build Order

Andru Zerg 

Build Orders: Hatch First 

Get SALT Encoding   

  12  0:01  Drone  
  13  0:13  Overlord  
  13  0:17  Drone  
  14  0:32  Drone  
  14  0:34  Drone  
  16  0:38  Drone  
  17  0:55  Hatchery  
  16  0:57  Drone  
  16  1:02  Extractor  
  16  1:03  Drone  
  17  1:07  Drone  
  18  1:19  Drone  
  19  1:30  Drone  
  20  1:39  Spawning Pool  
  19  1:42  Overlord  
  19  1:56  Drone  
  20  2:10  Drone  
  21  2:22  Drone  
  22  2:31  Zergling x8  
  22  2:32  Queen  
  22  2:33  Queen  
  30  2:52  Zergling x6  
  30  2:57  Drone  
  34  2:58  Metabolic Boost  
  34  3:02  Extractor, Drone  
  34  3:15  Drone  
  35  3:24  Drone  
  35  3:26  Overlord  
  36  3:41  Lair  
  36  3:47  Drone x2  
  36  3:48  Drone x3  
  41  3:50  Overlord  
  41  3:56  Queen  
  41  4:02  Evolution Chamber  
  42  4:14  Drone x6  
  42  4:15  Drone  
  49  4:36  Drone x3  
  49  4:38  Overlord  
  52  4:41  Extractor  
  49  4:56  Zergling x10  
  41  5:08  Zergling x4  
  33  5:25  Zergling x6  
  26  5:33  Zergling x2  
Tags
 
Matchup
PvZ
Spawn Locations
Cross Positions
Add a new tag
Caveats
  • Supply blocks, unpowered buildings, or Contaminate may cause inaccurate times.
  • Supply counts are checked every 10 seconds.